MID
AUGUSTA GREENJACKETS @ HARTFORD YARD GOATS
06/10/2044
 
TOP OF THE 1ST
Augusta GreenJackets batting - Pitching for Hartford Yard Goats : LHP Randy Rowland
Pitching: LHP Randy Rowland
Batting: RHB Danny Gallo 0-0: Foul Ball, location: 2F
0-1: Foul Ball, location: 2F
0-2: Ball
1-2: SINGLE (Line Drive, 8RS, EV 108.1 MPH)
Batting: RHB Mike Buchanan 0-0: Called Strike
0-1: Ball
1-1: Ground out 5-3 (Groundball, 56, EV 103.8 MPH)
Danny Gallo to second
Batting: LHB Carey Horncole 0-0: Called Strike
0-1: Foul Ball, location: 2F
0-2: Ball
1-2: Strikes out looking
Batting: RHB Chris King 0-0: Ball
1-0: Called Strike
1-1: Foul Ball, location: 2F
1-2: Strikes out swinging
Top of the 1st over - 0 runs, 1 hit, 0 errors, 1 left on base; Augusta 0 - Hartford 0
BOTTOM OF THE 1ST
Hartford Yard Goats batting - Pitching for Augusta GreenJackets : RHP Ignacio Gomez
Pitching: RHP Ignacio Gomez
Batting: SHB Eddie Quinones 0-0: Ball
1-0: Ground out 4-3 (Groundball, 34, EV 80.6 MPH)
Batting: SHB Pete Perla 0-0: Swinging Strike
0-1: Ball
1-1: Fly out, F5 (Line Drive, 6, EV 66.9 MPH)
Batting: SHB In-sung Lee 0-0: Swinging Strike
0-1: Swinging Strike
0-2: Ball
1-2: Ground out 3-1 (Groundball, 34, EV 101.9 MPH)
Bottom of the 1st over - 0 runs, 0 hits, 0 errors, 0 left on base; Augusta 0 - Hartford 0
TOP OF THE 2ND
Augusta GreenJackets batting - Pitching for Hartford Yard Goats : LHP Randy Rowland
Batting: RHB Doug Kennie 0-0: Called Strike
0-1: Swinging Strike
0-2: Foul Ball, location: 2F
0-2: Fly out, F8 (Flyball, 8LD, EV 102.5 MPH)
Batting: LHB Pong-keun Koh 0-0: Ball
1-0: Foul Ball, location: 2F
1-1: SINGLE (Line Drive, 78S, EV 100.0 MPH)
Batting: LHB Terry Ebersole 0-0: Ball
1-0: Ball
2-0: Foul Ball, location: 2F
2-1: Ball
3-1: Foul Ball, location: 2F
3-2: Fly out, F9 (Flyball, 9D, EV 84.4 MPH)
Batting: RHB Devin Lowery 0-0: Ball
1-0: Swinging Strike
1-1: Ball
2-1: Foul Ball, location: 2F
2-2: Ball
3-2: Base on Balls
Pong-keun Koh to second
Batting: RHB Alfredo Lemus 0-0: Called Strike
0-1: Ball
1-1: Ball
2-1: Swinging Strike
2-2: Ball
3-2: Strikes out swinging
Top of the 2nd over - 0 runs, 1 hit, 0 errors, 2 left on base; Augusta 0 - Hartford 0
BOTTOM OF THE 2ND
Hartford Yard Goats batting - Pitching for Augusta GreenJackets : RHP Ignacio Gomez
Batting: RHB Justin Williams 0-0: Ball
1-0: Called Strike
1-1: Ball
2-1: Ball
3-1: Foul Ball, location: 2F
3-2: Strikes out looking
Batting: LHB Jeremy Brammer 0-0: Ball
1-0: Called Strike
1-1: Ball
2-1: Ground out U3 (Groundball, 34, EV 91.9 MPH)
Batting: RHB Eric Garrett 0-0: Ball
1-0: Called Strike
1-1: Foul Ball, location: 2F
1-2: Foul Ball, location: 2F
1-2: Ball
2-2: Strikes out swinging
Bottom of the 2nd over - 0 runs, 0 hits, 0 errors, 0 left on base; Augusta 0 - Hartford 0
TOP OF THE 3RD
Augusta GreenJackets batting - Pitching for Hartford Yard Goats : LHP Randy Rowland
Batting: RHB Danny Gallo 0-0: Ball
1-0: Ground out 6-3 (Groundball, 6D, EV 105.0 MPH)
Batting: RHB Mike Buchanan 0-0: Ball
1-0: Swinging Strike
1-1: Foul Ball, location: 2F
1-2: Ball
2-2: Ground out 5-3 (Groundball, 56S, EV 85.0 MPH)
Batting: LHB Carey Horncole 0-0: Ball
1-0: Ball
2-0: Swinging Strike
2-1: Foul Ball, location: 2F
2-2: Ball
3-2: SINGLE (Line Drive, 89M, EV 92.5 MPH)
Batting: RHB Chris King 0-0: Ball
1-0: Ball
2-0: Called Strike
2-1: Fielders Choice at 2nd, 6-4 (Groundball, 6, EV 82.5 MPH)
Top of the 3rd over - 0 runs, 1 hit, 0 errors, 1 left on base; Augusta 0 - Hartford 0
BOTTOM OF THE 3RD
Hartford Yard Goats batting - Pitching for Augusta GreenJackets : RHP Ignacio Gomez
Batting: RHB Randy Breitbart 0-0: Foul Ball, location: 2F
0-1: Ball
1-1: Called Strike
1-2: Ground out 6-3 (Groundball, 56, EV 80.6 MPH)
Batting: RHB Steve Waltenbery 0-0: Called Strike
0-1: Swinging Strike
0-2: Ball
1-2: Strikes out swinging
Batting: LHB Mick Knopp 0-0: Called Strike
0-1: Foul Ball, location: 2F
0-2: SINGLE (Line Drive, 78S, EV 110.0 MPH)
Batting: SHB Eddie Quinones 0-0: Ball
Mick Knopp steals 2nd base
1-0: Ground out 4-3 (Groundball, 4, EV 89.4 MPH)
Bottom of the 3rd over - 0 runs, 1 hit, 0 errors, 1 left on base; Augusta 0 - Hartford 0
TOP OF THE 4TH
Augusta GreenJackets batting - Pitching for Hartford Yard Goats : LHP Randy Rowland
Batting: RHB Doug Kennie 0-0: Ball
1-0: Called Strike
1-1: Fly out, F8 (Flyball, 89S, EV 88.1 MPH)
Batting: LHB Pong-keun Koh 0-0: Ball
1-0: Ground out U3 (Groundball, 3, EV 106.3 MPH)
Batting: LHB Terry Ebersole 0-0: Called Strike
0-1: Ball
1-1: Called Strike
1-2: Ball
2-2: Ground out 6-3 (Groundball, 6M, EV 100.6 MPH)
Top of the 4th over - 0 runs, 0 hits, 0 errors, 0 left on base; Augusta 0 - Hartford 0
BOTTOM OF THE 4TH
Hartford Yard Goats batting - Pitching for Augusta GreenJackets : RHP Ignacio Gomez
Batting: SHB Pete Perla 0-0: Ball
1-0: Foul Ball, location: 2F
1-1: Ball
2-1: Foul Ball, location: 2F
2-2: Ball
3-2: Foul Ball, location: 2F
3-2: SINGLE (Flyball, 8RS, EV 90.0 MPH)
Batting: SHB In-sung Lee 0-0: Ball
1-0: Called Strike
1-1: Ball
2-1: Foul Ball, location: 2F
2-2: Strikes out swinging
Batting: RHB Justin Williams 0-0: Ball
1-0: Ball
2-0: Ball
3-0: Called Strike
3-1: Foul Ball, location: 2F
3-2: Grounds out, U3 (Groundball, 3L, EV 83.1 MPH)
Batting: LHB Jeremy Brammer 0-0: Ground out 6-3 (Groundball, 6, EV 82.5 MPH)
Bottom of the 4th over - 0 runs, 1 hit, 0 errors, 1 left on base; Augusta 0 - Hartford 0
TOP OF THE 5TH
Augusta GreenJackets batting - Pitching for Hartford Yard Goats : LHP Randy Rowland
Batting: RHB Devin Lowery 0-0: Fly out, F8 (Line Drive, 8RD, EV 106.3 MPH)
Batting: RHB Alfredo Lemus 0-0: Called Strike
0-1: Ground out 4-3 (Groundball, 6MD, EV 85.6 MPH)
Batting: RHB Danny Gallo 0-0: Swinging Strike
0-1: Ball
1-1: Ball
2-1: Foul Ball, location: 2F
2-2: Ball
3-2: Strikes out looking
Top of the 5th over - 0 runs, 0 hits, 0 errors, 0 left on base; Augusta 0 - Hartford 0
BOTTOM OF THE 5TH
Hartford Yard Goats batting - Pitching for Augusta GreenJackets : RHP Ignacio Gomez
Batting: RHB Eric Garrett 0-0: Ball
1-0: Foul Ball, location: 2F
1-1: Ball
2-1: Ball
3-1: Base on Balls
Batting: RHB Randy Breitbart 0-0: Foul Ball, location: 2F
0-1: Ball
1-1: Called Strike
1-2: Strikes out swinging
Eric Garrett steals 2nd base
Batter strikes out.
Batting: RHB Steve Waltenbery 0-0: Called Strike
0-1: Foul Ball, location: 2F
0-2: Reached on error, E3 (Groundball, 34, EV 102.5 MPH)
Eric Garrett to third
Batting: LHB Mick Knopp 0-0: Ball
Steve Waltenbery steals 2nd base
1-0: Ground out 6-3 (Groundball, 6, EV 85.0 MPH)
Eric Garrett scores
Steve Waltenbery to third
Batting: SHB Eddie Quinones 0-0: Ball
1-0: Fly out, F8 (Flyball, 89D, EV 98.1 MPH)
Bottom of the 5th over - 1 run, 0 hits, 1 error, 1 left on base; Augusta 0 - Hartford 1
TOP OF THE 6TH
Augusta GreenJackets batting - Pitching for Hartford Yard Goats : LHP Randy Rowland
Batting: RHB Mike Buchanan 0-0: Ball
1-0: Foul Ball, location: 2F
1-1: Fly out, F7 (Line Drive, 7, EV 86.3 MPH)
Batting: LHB Carey Horncole 0-0: Foul Ball, location: 2F
0-1: DOUBLE (Line Drive, 89XD, EV 103.8 MPH)
Batting: RHB Chris King 0-0: Ball
1-0: Called Strike
Carey Horncole steals 3rd base
1-1: Ball
2-1: SINGLE (Groundball, 34D, EV 104.4 MPH)
Carey Horncole scores
Batting: RHB Doug Kennie 0-0: Ball
1-0: Called Strike
1-1: Ball
2-1: Swinging Strike
2-2: Fly out, F8 (Flyball, 8RS, EV 81.3 MPH)
Batting: LHB Pong-keun Koh 0-0: Called Strike
0-1: Ball
1-1: Ground out 1-3 (Groundball, 15S, EV 65.0 MPH)
Top of the 6th over - 1 run, 2 hits, 0 errors, 1 left on base; Augusta 1 - Hartford 1
BOTTOM OF THE 6TH
Hartford Yard Goats batting - Pitching for Augusta GreenJackets : RHP Ignacio Gomez
Batting: SHB Pete Perla 0-0: Called Strike
0-1: Ball
1-1: Ball
2-1: Ball
3-1: Foul Ball, location: 2F
3-2: Fly out, F8 (Line Drive, 8LD, EV 97.5 MPH)
Batting: SHB In-sung Lee 0-0: Called Strike
0-1: Ball
1-1: SINGLE (Line Drive, 6MD, EV 101.3 MPH)
Batting: RHB Justin Williams 0-0: Grounds into double play, 4-6-3 (Groundball, 34, EV 87.5 MPH)
Bottom of the 6th over - 0 runs, 1 hit, 0 errors, 0 left on base; Augusta 1 - Hartford 1
TOP OF THE 7TH
Augusta GreenJackets batting - Pitching for Hartford Yard Goats : LHP Randy Rowland
Batting: LHB Terry Ebersole 0-0: Called Strike
0-1: Ball
1-1: Ball
2-1: Ball
3-1: Ground out 6-3 (Groundball, 4M, EV 78.8 MPH)
Batting: RHB Devin Lowery 0-0: Ball
1-0: Swinging Strike
1-1: Foul Ball, location: 2F
1-2: Ball
2-2: SINGLE (Groundball, 56S, EV 66.9 MPH) (infield hit)
Pitching: LHP Greg Burngooch
Batting: RHB Alfredo Lemus 0-0: Ball
1-0: Hit by Pitch
Devin Lowery to second
Batting: RHB Danny Gallo 0-0: Ball
1-0: Called Strike
1-1: Called Strike
1-2: Ball
2-2: Ball
3-2: Foul Ball, location: 2F
3-2: Grounds into double play, 6-4-3 (Groundball, 6, EV 100.0 MPH)
Top of the 7th over - 0 runs, 1 hit, 0 errors, 1 left on base; Augusta 1 - Hartford 1
BOTTOM OF THE 7TH
Hartford Yard Goats batting - Pitching for Augusta GreenJackets : RHP Ignacio Gomez
Batting: LHB Jeremy Brammer 0-0: Foul Ball, location: 2F
0-1: Called Strike
0-2: Ball
1-2: Strikes out swinging
Batting: RHB Eric Garrett 0-0: Ball
1-0: Ball
2-0: SINGLE (Line Drive, 34D, EV 96.3 MPH)
Batting: RHB Randy Breitbart 0-0: Called Strike
0-1: Ball
1-1: Fly out, F9 (Line Drive, 9D, EV 95.6 MPH)
Batting: RHB Steve Waltenbery 0-0: Called Strike
0-1: Ball
Eric Garrett is caught stealing 2nd base 2-4
Bottom of the 7th over - 0 runs, 1 hit, 0 errors, 0 left on base; Augusta 1 - Hartford 1
TOP OF THE 8TH
Augusta GreenJackets batting - Pitching for Hartford Yard Goats : LHP Greg Burngooch
Batting: RHB Mike Buchanan 0-0: Called Strike
0-1: Ball
1-1: Fly out, F8 (Flyball, 8LD, EV 89.4 MPH)
Batting: LHB Carey Horncole 0-0: Ball
1-0: Fly out, F4 (Flyball, 34D, EV 81.3 MPH)
Batting: RHB Chris King 0-0: Ball
1-0: Fly out, F9 (Flyball, 9LM, EV 94.4 MPH)
Top of the 8th over - 0 runs, 0 hits, 0 errors, 0 left on base; Augusta 1 - Hartford 1
BOTTOM OF THE 8TH
Hartford Yard Goats batting - Pitching for Augusta GreenJackets : RHP Ignacio Gomez
Pitching: RHP Juan Flores
Batting: RHB Steve Waltenbery 0-0: Ball
1-0: Ball
2-0: Ball
3-0: Called Strike
3-1: Base on Balls
Batting: LHB Mick Knopp 0-0: Sac Bunt to 23 - play at first, batter OUT! 3-4
Steve Waltenbery to second
Batting: SHB Eddie Quinones 0-0: Intentional Walk
Batting: SHB Pete Perla 0-0: DOUBLE (Line Drive, 89XD, EV 100.6 MPH)
Steve Waltenbery scores
Eddie Quinones to third
Batting: SHB In-sung Lee 0-0: Called Strike
0-1: Ball
1-1: Ball
2-1: Foul Ball, location: 2F
2-2: SINGLE (Groundball, 56D, EV 99.4 MPH)
Eddie Quinones scores
Pete Perla to third
Runner from 3rd tries for Home, SAFE, throw by LF to home
Pitching: RHP Ron Riley
Batting: RHB Justin Williams 0-0: Foul Ball, location: 2F
0-1: Ball
In-sung Lee steals 2nd base
1-1: Foul Ball, location: 2F
1-2: Ball
2-2: Ball
3-2: Strikes out swinging
Batting: LHB Jeremy Brammer 0-0: Ball
1-0: Ball
2-0: Ball
3-0: Called Strike
3-1: Fly out, F7 (Flyball, 78M, EV 80.0 MPH)
Bottom of the 8th over - 3 runs, 2 hits, 0 errors, 1 left on base; Augusta 1 - Hartford 4
TOP OF THE 9TH
Augusta GreenJackets batting - Pitching for Hartford Yard Goats : LHP Greg Burngooch
Now at 1B: Brian Levensailor
Now in LF: Kian-tat Chen
Now in CF: Mick Knopp
Batting: RHB Doug Kennie 0-0: Ball
1-0: Ball
2-0: Foul Ball, location: 2F
2-1: Foul Ball, location: 2F
2-2: Foul Ball, location: 2F
2-2: Ground out 4-3 (Groundball, 4, EV 86.3 MPH)
Batting: LHB Pong-keun Koh 0-0: Ground out 6-3 (Groundball, 6, EV 94.4 MPH)
Batting: LHB Terry Ebersole 0-0: DOUBLE (Flyball, 78D, EV 108.8 MPH)
Batting: RHB Devin Lowery 0-0: Called Strike
0-1: Called Strike
0-2: Ball
1-2: Strikes out swinging
Top of the 9th over - 0 runs, 1 hit, 0 errors, 1 left on base; Augusta 1 - Hartford 4
Thursday, March 31st , 2022 - OOTP Baseball 22.12 Build 89